 Dungeon Crawl Stone Soup version 0.22-a0-456-g11ed031 (webtiles) character file.

261 Galder the Magician (level 5, -1/28 HPs)
             Began as a Deep Elf Wizard on June 6, 2018.
             Slain by an orc
             ... wielding a +0 mace
              (7 damage)
             ... on level 4 of the Dungeon.
             The game lasted 00:48:07 (3894 turns).

Galder the Magician (Deep Elf Wizard)               Turns: 3894, Time: 00:48:07

Health: -1/28      AC:  4    Str:  5    XL:     5   Next: 96%
Magic:  0/15       EV: 14    Int: 23    God:
Gold:   141        SH:  0    Dex: 13    Spells: 10/15 levels left

rFire    . . .     SeeInvis .   s - +0 short sword
rCold    . . .     Gourm    .   (no shield)
rNeg     + . .     Faith    .   v - +0 robe
rPois    .         Spirit   .   n - +0 helmet
rElec    .         Reflect  .   (no cloak)
rCorr    .         Harm     .   i - +0 pair of gloves
MR       .....                  (no boots)
Stlth    +++.......             (no amulet)
HPRegen  0.09/turn              y - ring of positive energy
MPRegen  0.14/turn              h - ring of wizardry

@: lethally poisoned (-1 -> -4)
A: no striking features
a: no special abilities


You were on level 4 of the Dungeon.
You were not hungry.

You visited 1 branch of the dungeon, and saw 4 of its levels.

You collected 141 gold pieces.

Inventory:

Hand Weapons
 s - a +0 short sword (weapon)
Missiles
 c - 124 stones (quivered)
 g - 4 needles of sleeping
 w - 44 sling bullets
Armour
 a - a +0 robe
 b - a +0 hat
 e - a +0 leather armour
 i - a +0 pair of gloves (worn)
 n - a +0 helmet (worn)
 r - a +0 robe
 v - a +0 robe (worn)
Jewellery
 h - a ring of wizardry (right hand)
 y - a ring of positive energy (left hand)
Scrolls
 l - a scroll of teleportation {unknown}
 m - 4 scrolls of remove curse {unknown}
 p - 2 scrolls of fear {unknown}
 q - a scroll of identify {unknown}
 u - a scroll of blinking {unknown}
Potions
 j - a potion of agility {unknown}
 k - a potion of might
 o - a potion of degeneration {unknown}
 t - a potion of flight {unknown}
Comestibles
 d - 3 rations


   Skills:
 + Level 1.5 Short Blades
 + Level 3.9 Dodging
 + Level 4.1 Stealth
 + Level 5.7 Spellcasting
 + Level 2.7 Conjurations
 + Level 2.4 Summonings
 - Level 1.1 Translocations


You had 10 spell levels left.
You knew the following spells:

 Your Spells              Type           Power        Failure   Level  Hunger
a - Magic Dart            Conj           ###.         1%          1    None
b - Call Imp              Summ           ###.....     1%          2    None
c - Blink                 Tloc           N/A          3%          2    None

Your spell library contained the following spells:

 Spells                   Type           Power        Failure   Level  Hunger
 Conjure Flame            Conj/Fire      ##......     6%          3    #......
 Slow                     Hex            #.......     5%          2    None
 Mephitic Cloud           Conj/Pois/Air  ##......     8%          3    #......


Dungeon Overview and Level Annotations

Branches:
Dungeon (4/15)
 Temple: D:4-7

Altars:
Cheibriados
Uskayaw
Wu Jian
The Shining One


Message History

It was a potion of curing.
You feel better. The adder bites you.
You are poisoned.
The adder poisons you! The orc barely misses you.
You feel sick. The adder bites you.
* * * LOW HITPOINT WARNING * * *
You feel sick.
Found 17 stones.
Found a stone staircase leading up.
Casting: Magic Dart (safe; 1% risk of failure)
Confirm with . or Enter, or press ? or * to list all spells.
Aiming: Magic Dart (safe; 1% risk of failure)
Press: ? - help, Shift-Dir - straight line, f - adder
Aim: an adder The magic dart hits the adder.
The adder is heavily wounded.
The adder bites you but does no damage. x2
You hit the adder but do no damage.
The adder is heavily wounded.
You feel sick. The orc hits you with a mace!
You die...

#####...##+####.##..
............#.......
............#?......
............#.......
. .........<.'.......
....##......##.......
....##......# )..##_.
.......So...# ...#
.......@....# o..#
............# S..#
....##......# ....
... #......# )...# ..
......... ...........
............
..........(<


You could see an adder and an orc.

Vanquished Creatures
  Natasha (thrice) (D:3)
  A worker ant (D:2)
  Robin (D:1)
  5 adders
  2 worms (D:3)
  A dart slug (D:2)
  4 leopard geckos
  5 orcs
  A ball python (D:1)
  A giant cockroach (D:2)
  14 goblins
  13 hobgoblins
  13 jackals
  A quokka (D:3)
  7 bats
  5 frilled lizards
  5 kobolds
  7 rats
89 creatures vanquished.

Notes
Turn   | Place    | Note
-------+----------+-------------------------------------------
     0 | D:1      | Galder the Deep Elf Wizard began the quest for the Orb.
     0 | D:1      | Reached XP level 1. HP: 10/10 MP: 7/7
   228 | D:1      | Reached XP level 2. HP: 15/15 MP: 4/9
   798 | D:1      | Learned a level 2 spell: Call Imp
   801 | D:1      | Learned a level 2 spell: Blink
  1192 | D:1      | Reached skill level 5 in Spellcasting
  1264 | D:1      | Reached XP level 3. HP: 17/19 MP: 1/11
  1906 | D:2      | Reached XP level 4. HP: 24/24 MP: 3/13
  1929 | D:2      | Noticed Robin
  2120 | D:2      | Found an ornate altar of the Wu Jian Council.
  2120 | D:2      | Found a hide-covered altar of Uskayaw.
  2120 | D:2      | Found a glowing golden altar of the Shining One.
  2551 | D:1      | Killed Robin
  2677 | D:2      | Reached skill level 1 in Short Blades
  3011 | D:3      | Reached XP level 5. HP: 28/28 MP: 12/15
  3093 | D:3      | Noticed Natasha
  3100 | D:3      | Killed Natasha
  3105 | D:3      | Noticed Natasha
  3132 | D:3      | Killed Natasha
  3356 | D:3      | Noticed Natasha
  3369 | D:3      | Killed Natasha
  3848 | D:4      | Found a snail-covered altar of Cheibriados.
  3894 | D:4      | Slain by an orc

Vault maps used:
D:1:      dpeg_arrival_houses_and_road, st_stairs_9
D:2:      gammafunk_temple_overflow_forgotten, uniq_robin
D:3:      uniq_natasha
D:4:      overflow_temple_1_default, elyvilon_altar_5,
          minmay_temple_entry_metal_lava, glass_columns_b, kennysheep_diamond,
          uniq_sigmund, uniq_menkaure, uniq_pikel

Skill      XL: |  1  2  3  4  5 |
---------------+----------------+-----
Spellcasting   | 5 |  5.7
Stealth        | 3 4 |  4.1
Dodging        | 3 |  3.9
Conjurations   | 2 |  2.7
Summonings     | 2 |  2.4
Short Blades   | 1 |  1.5
Translocations | |  1.1

Action                   |  1- 3 |  4- 6 || total
-------------------------+-------+-------++-------
Melee: Dagger            |     5 |       ||     5
       Short sword       |     8 |     7 ||    15
 Cast: Magic Dart        |   102 |   154 ||   256
       Blink             |     2 |     3 ||     5
       Call Imp          |     2 |     1 ||     3
  Use: Potion            |       |     1 ||     1
  Eat: Chunk             |     2 |     7 ||     9
Armor: Robe              |     9 |    20 ||    29
Dodge: Dodged            |    28 |    57 ||    85

Table legend:
 A = Spawn XP
 B = Non-spawn XP
 C = Spawn XP percentage of total XP
 D = Spawn monster count
 E = Non-spawn monster count
 F = Spawn count percentage of total count
 G = Total turns spent on level
                    A         B        C        D         E        F      G
               +---------+---------+-------+---------+---------+-------+---------
         Total |       0 |     374 |   0.0 |       0 |      89 |   0.0 |  3894
               +---------+---------+-------+---------+---------+-------+---------
           D:1 |       0 |      62 |   0.0 |       0 |      31 |   0.0 |  1754
           D:2 |       0 |     131 |   0.0 |       0 |      35 |   0.0 |  1233
           D:3 |       0 |     175 |   0.0 |       0 |      21 |   0.0 |   869
           D:4 |       0 |       6 |   0.0 |       0 |       2 |   0.0 |    38
               +---------+---------+-------+---------+---------+-------+---------
